 Dungeon Crawl Stone Soup version 0.29-a0-82-g837932c90e (webtiles) character file.

Game seed: 6324738254788990626

186 HallandMoats the Skirmisher (level 5, -2/47 HPs)
             Began as a Ghoul Monk on Feb 5, 2022.
             Was a Priest of Fedhas.
             Slain by Duvessa (7 damage)
             ... on level 4 of the Dungeon.
             The game lasted 00:05:13 (3010 turns).

HallandMoats the Skirmisher (Ghoul Monk)            Turns: 3010, Time: 00:05:13

Health: -2/47      AC:  8    Str: 17    XL:     5   Next: 65%
Magic:  13/13      EV: 16    Int:  5    God:    Fedhas [***...]
Gold:   140        SH:  0    Dex: 11    Spells: 4/4 levels left

rFire   . . .      SeeInvis .   a - +0 spear
rCold   + . .      Faith    .   (no shield)
rNeg    + + +      Spirit   .   f - +4 Cigotuvi's embrace {rMiasma Drain rN+}
rPois   ∞          Reflect  .   (no helmet)
rElec   .          Harm     .   l - +0 cloak
rCorr   .          Rampage  .   (no gloves)
Will    .....                   (no boots)
Stlth   ++........              (no amulet)
HPRegen 0.00/turn               h - ring of magical power
MPRegen 0.13/turn               j - +4 ring of evasion

@: inhibited regen
A: claws 1, cold resistance 1, negative energy resistance 3, inhibited
regeneration, torment resistance 2
a: Renounce Religion, Wall of Briars, Grow Ballistomycete


You were on level 4 of the Dungeon.
You worshipped Fedhas.
Fedhas was most pleased with you.
You visited 1 branch of the dungeon, and saw 4 of its levels.

You collected 802 gold pieces.
You spent 662 gold pieces at shops.

Inventory:

Hand Weapons
 a - a +0 spear (weapon)
Armour
 f - the +4 Cigotuvi's embrace (worn) {rMiasma Drain rN+}
   (You bought it in a shop on level 2 of the Dungeon)

   It gathers nearby corpses to temporarily increase the armour it provides.
   It protects you from foul pestilence.
   rN:        It protects you from negative energy.
   Drain:     It drains your maximum health when unequipped.
 l - a +0 cloak (worn)
Jewellery
 h - a ring of magical power (left claw)
 j - a +4 ring of evasion (right claw)
Scrolls
 e - a scroll of holy word {unknown}
 k - a scroll of immolation {unknown}
Potions
 b - a potion of brilliance
 c - a potion of attraction {unknown}
 d - 2 potions of degeneration {unknown}
 i - 2 potions of cancellation {unknown}


   Skills:
 * Level 4.6 Fighting
 * Level 3.9 Polearms
 + Level 1.6 Armour
 + Level 3.3 Dodging
 - Level 2.1 Stealth


You had 4 spell levels left.
You didn't know any spells.
Your spell library contained the following spells:

 Spells                   Type           Power      Damage    Failure   Level
 Scorch                   Fire           0%         2d5       67%         2
 Confusing Touch          Hex            0%         N/A       88%         3
 Conjure Flame            Conj/Fire      0%         6-21      88%         3
 Ignite Poison            Fire/Tmut/Pois 0%         N/A       88%         3
 Flame Wave               Conj/Fire      0%         2d4       99%         4
 Sticky Flame             Conj/Fire      0%         2d3       99%         4
 Summon Ice Beast         Ice/Summ       0%         N/A       99%         4
 Summon Mana Viper        Hex/Summ       0%         N/A       100%        5
 Yara's Violent Unravell  Hex/Tmut       0%         3d3       100%        5
 Summon Cactus Giant      Summ           0%         N/A       100%        6
 Enfeeble                 Hex            0%         N/A       100%        7
 Monstrous Menagerie      Summ           0%         N/A       100%        7


Dungeon Overview and Level Annotations

Branches:
Dungeon (4/15)
 Temple: D:4-7

Altars:
Fedhas

Shops:
D:2 [

Annotations:
D:4 Dowan, Duvessa


Innate Abilities, Weirdness & Mutations

You thrive by killing the living.
You are immune to poison.
You have sharp fingernails.
Your flesh is cold resistant. (rC+)
You are immune to negative energy. (rN+++)
You do not regenerate when monsters are visible.
You are immune to unholy pain and torment.


Message History

Duvessa hits you but does no damage.
You hit Duvessa but do no damage.
Duvessa is heavily wounded.
Duvessa barely misses you.
You hit Duvessa but do no damage.
Duvessa is heavily wounded.
You hit Duvessa but do no damage.
Duvessa is heavily wounded.
Duvessa hits you but does no damage.
You closely miss Duvessa.
Duvessa is heavily wounded.
Duvessa hits you with a +0 rapier.
You hit Duvessa but do no damage.
Duvessa is heavily wounded.
Duvessa misses you.
You closely miss Duvessa.
Duvessa is heavily wounded.
Duvessa hits you with a +0 rapier.
You hit Duvessa.
Duvessa is heavily wounded.
Duvessa hits you with a +0 rapier.
You hit Duvessa.
Duvessa is severely wounded.
Duvessa hits you with a +0 rapier!
You hit Duvessa but do no damage.
Duvessa is severely wounded.
Duvessa hits you with a +0 rapier.
* * * LOW HITPOINT WARNING * * *
You barely miss Duvessa.
Duvessa is heavily wounded.
Duvessa hits you with a +0 rapier!
* * * LOW HITPOINT WARNING * * *
You barely miss Duvessa.
Duvessa is heavily wounded.
Duvessa barely misses you.
You barely miss Duvessa.
Duvessa is heavily wounded.
Duvessa hits you with a +0 rapier!
You die...
Fedhas appreciates your contribution to the ecosystem.

#.# #.# #.# #.#
#.# #.# #.# #.#
##########.###.#.
..............#
.##
#######.######.#
.....#########.#
....eSe@.......#
.....###########
... .


You could see Duvessa, Dowan and an adder.

Vanquished Creatures
  A jelly (D:4)
  An orc priest (D:2)
  An orc wizard (D:2)
  4 adders (D:2)
  A worm (D:2)
  A dart slug (D:2)
  An orc (D:3)
  2 ball pythons
  3 bats
  7 endoplasms
  A giant cockroach (D:1)
  10 goblins
  4 hobgoblins (D:2)
  3 jackals (D:1)
  13 kobolds
  6 frilled lizards
  3 rats
62 creatures vanquished.

Notes
Turn   | Place    | Note
-------+----------+-------------------------------------------
     0 | D:1      | HallandMoats the Ghoul Monk began the quest for the Orb.
     0 | D:1      | Reached XP level 1. HP: 19/19 MP: 0/0
   231 | D:1      | Reached XP level 2. HP: 26/26 MP: 1/1
   940 | D:2      | Found Nerou's Antique Armour Shoppe.
  1043 | D:2      | Reached XP level 3. HP: 25/33 MP: 2/2
  1115 | D:2      | Found a faded altar of an unknown god.
  1130 | D:2      | Prayed at the altar of an unknown god.
  1130 | D:2      | Became a worshipper of Fedhas Madash
  1130 | D:2      | Reached * piety under Fedhas
  1130 | D:2      | Reached ** piety under Fedhas
  1154 | D:2      | Reached *** piety under Fedhas
  1169 | D:2      | Reached skill level 4 in Fighting
  1169 | D:2      | Reached skill level 1 in Armour
  1219 | D:2      | Identified a scroll of acquirement
  1219 | D:2      | Acquired 677 gold pieces
  1240 | D:2      | Reached XP level 4. HP: 26/40 MP: 3/3
  1968 | D:2      | Bought the +4 Cigotuvi's embrace {rMiasma Drain rN+} for
                  | 662 gold pieces
  1968 | D:2      | Found the +4 Cigotuvi's embrace {rMiasma Drain rN+}
  2036 | D:2      | Reached XP level 5. HP: 21/47 MP: 4/4
  2974 | D:4      | Noticed Dowan
  2975 | D:4      | Noticed Duvessa
  3010 | D:4      | Slain by Duvessa

Illustrated notes

Levels and vault maps discovered:
D:1:      amcnicky_arrival_gap_in_the_tavern_cellar, layout_basic
D:2:      layout_loops_ring, serial_shops, shop,
          hellmonk_ecumenical_altar_pennies_from_heaven,
          minmay_fractal_squares_5
D:3:      layout_rooms, chequers_serial_rivers_room_b
D:4:      layout_loops_ring, uniq_crazy_yiuf_cottage, uniq_duvessa, uniq_sigmund

Skill      XL: |  1  2  3 |
---------------+----------+-----
Polearms       | 3 |  3.9
Dodging        | 3 |  3.3
Fighting       | 4 |  4.6
Armour         | 1 |  1.6
Stealth        | |  2.1

Action                   |  1- 3 |  4- 6 || total
-------------------------+-------+-------++-------
Melee: Spear             |   128 |   184 ||   312
  Use: Potion            |     2 |     1 ||     3
       Scroll            |     2 |       ||     2
 Stab: Sleeping          |     2 |     4 ||     6
Armor: Robe              |    12 |       ||    12
       Leather armour    |    16 |    36 ||    52
Dodge: Dodged            |    99 |    90 ||   189

Table legend: (Time is in decaauts)
 A = Elapsed time spent in this place.
 B = Non-inter-level travel time spent in this place.
 C = Inter-level travel time spent in this place.
 D = Time resting spent in this place.
 E = Time spent auto-exploring this place.
 F = Levels seen in this place.
 G = Mean time per level.
                   A        B        C        D        E       F      G
               +--------+--------+--------+--------+--------+-----+--------+
         Total |   2993 |   2857 |    136 |    194 |   2026 |   4 |  748.2 |
       Dungeon |   2993 |   2857 |    136 |    194 |   2026 |   4 |  748.2 |
               +--------+--------+--------+--------+--------+-----+--------+

Top non-repeatable levels by time:
     D:2: 1393 daAuts
     D:1: 851 daAuts
     D:3: 550 daAuts
     D:4: 197 daAuts
